 Dungeon Crawl Stone Soup version 0.29-a0-92-gee772dd00f (webtiles) character file.

Game seed: 1612062618845320080

15368 drugrobin the Spear-Bearer (level 11, -4/95 HPs)
             Began as a Demigod Warper on Feb 10, 2022.
             Slain by a culicivora (17 damage)
             ... on level 2 of the Lair of Beasts.
             The game lasted 00:49:12 (18899 turns).

drugrobin the Spear-Bearer (Demigod Warper)        Turns: 18899, Time: 00:49:12

Health: -4/95      AC: 13    Str: 22    XL:     11   Next: 68%
Magic:  19/19      EV:  6    Int: 15    God:
Gold:   462        SH:  0    Dex: 21    Spells: 0/16 levels left

rFire   + . .      SeeInvis .   x - +0 dagger (venom)
rCold   . . .      Faith    .   (no shield)
rNeg    . . .      Spirit   .   r - +2 leather armour {rF+}
rPois   .          Reflect  .   Z - +0 helmet
rElec   .          Harm     .   l - +0 cloak
rCorr   .          Rampage  .   v - +0 pair of gloves
Will    +....                   N - +0 pair of boots
Stlth   ++........              (no amulet)
HPRegen 0.25/turn               s - +6 ring of strength
MPRegen 0.16/turn               j - +4 ring of protection

@: held, studying Poison Magic
A: high MP 1, forlorn, divine attributes
a: no special abilities


You were on level 2 of the Lair of Beasts.
You visited 2 branches of the dungeon, and saw 13 of its levels.

You collected 462 gold pieces.

Inventory:

Hand Weapons
 a - a +4 halberd
 b - a +3 shortbow
 x - a +0 dagger of venom (weapon)
 U - a +2 hand axe of freezing
 V - a +0 vampiric spear
Missiles
 d - a boomerang of dispersal
 n - 6 curare-tipped darts
 u - a boomerang (quivered)
 G - 204 arrows
 O - 87 poisoned darts
 P - 5 javelins
Armour
 l - a +0 cloak (worn)
 r - a +2 leather armour of fire resistance (worn)
 v - a +0 pair of gloves (worn)
 N - a +0 pair of boots (worn)
 X - the +0 ring mail of Qazlal's Outrage {rCorr}
   (You found it on level 2 of the Lair of Beasts)

   rCorr:     It protects you from acid and corrosion.
 Z - a +0 helmet (worn)
Jewellery
 j - a +4 ring of protection (right hand)
 s - a +6 ring of strength (left hand)
Wands
 D - a wand of flame (10)
 F - a wand of mindburst (8)
 J - a wand of iceblast (6)
Scrolls
 c - 2 scrolls of blinking
 e - 4 scrolls of enchant weapon {unknown}
 g - a scroll of fog
 h - a scroll of noise {unknown}
 m - 12 scrolls of identify {unknown}
 o - 2 scrolls of vulnerability {unknown}
 q - a scroll of silence {unknown}
 y - a scroll of holy word {unknown}
 B - a scroll of fear {unknown}
 H - a scroll of immolation {unknown}
 K - a scroll of brand weapon {unknown}
 R - 2 scrolls of magic mapping {unknown}
 T - 6 scrolls of teleportation {unknown}
 W - a scroll of torment {unknown}
Potions
 f - 2 potions of magic
 i - 2 potions of heal wounds {unknown}
 k - 2 potions of cancellation {unknown}
 t - 3 potions of degeneration {unknown}
 w - 2 potions of lignification {unknown}
 z - a potion of attraction {unknown}
 A - a potion of haste {unknown}
 C - a potion of resistance {unknown}
 I - a potion of flight {unknown}
 L - 2 potions of berserk rage {unknown}
 M - a potion of mutation {unknown}
 Q - a potion of ambrosia {unknown}
 S - a potion of invisibility {unknown}


   Skills:
 + Level 8.5 Fighting
 + Level 11.5 Polearms
 - Level 0.8 Throwing
 - Level 0.8 Armour
 - Level 1.7 Dodging
 - Level 3.2 Spellcasting
 + Level 11.3 Translocations


You couldn't memorise any spells.
You knew the following spells:

 Your Spells              Type           Power      Damage    Failure   Level
a - Blink                 Tloc           72%        N/A       1%          2
b - Gell's Gravitas       Tloc           36%        N/A       1%          3
c - Teleport Other        Tloc           36%        N/A       1%          3
d - Manifold Assault      Tloc           36%        N/A       6%          5
e - Lesser Beckoning      Tloc           36%        N/A       1%          3

Your spell library contained the following spells:

 Spells                   Type           Power      Damage    Failure   Level
 Animate Skeleton         Necr           4%         N/A       22%         1
 Pain                     Necr           8%         1d4       22%         1
 Vampiric Draining        Necr           2%         2d6       56%         3
 Fireball                 Conj/Fire      1%         3d3       99%         5
 Iskenderun's Battlesphe  Conj           2%         2d6       99%         5
 Conjure Ball Lightning   Conj/Air       1%         3x3d6     100%        6
 Orb of Destruction       Conj           1%         9d5       100%        7


Dungeon Overview and Level Annotations

Branches:
Dungeon (11/15)            Temple (0/1) D:6            Lair (2/6) D:8
 Spider (0/4) Lair:2
  Swamp: Lair:2-4    Shoals: Lair:2-4       Orc: D:9-12

Shops:
D:1 =

Annotations:
Lair:1 2 transporters, axecop's ghost, journeyman HODe


Innate Abilities, Weirdness & Mutations

You have an increased reservoir of magic. (+10% MP)
You shall have no god before yourself.
Your divine heritage dramatically boosts your attributes as you level up.


Message History

Unknown command.
Unknown command.
Okay, then.
Unknown command.
Okay, then.
Unknown command.
Okay, then.
You are caught in the web!
* * * LOW HITPOINT WARNING * * *
You feel very sick.
The redback bites you but does no damage.
There is a web here.
Unknown command.
Unknown command.
Unknown command.
Aiming: Paralyse
Press: ? - help, Shift-Dir - straight line, f - redback
Aim: a redback (severely wounded, poisoned, chance to affect: 49%)
The redback resists with some effort.
The now-empty wand crumbles to dust.
* * * LOW HITPOINT WARNING * * *
You feel very sick. The redback completely misses you.
Unknown command.
Unknown command.
Aiming: Iceblast
Press: ? - help, Shift-Dir - straight line, f/p - redback
Aim: a redback (severely wounded, poisoned) That beam is likely to hit you.
Continue anyway?
The mass of ice explodes!
The iceblast engulfs the redback.
The redback is almost dead.
The iceblast engulfs you!
* * * LOW HITPOINT WARNING * * *
x2 You feel very sick.
You kill the redback!
Unknown command.
Unknown command.
You feel better.
The culicivora bites you but does no damage.
The culicivora bites you!
You die...

##P #....# ### .....# ###
#########.# #≈≈≈#
#.#####.##...#.#. .s.##
#......###.......
s..####......##......#
.s#.#@#.....###.......
##^###s##.#.##.##......#
####s###.########..#..#...#
#.###^###.# #.# #...#.#....
##.#^#.#.####.###.....#...#
##^###.###.##..[......##....
#^#.#...#.###.....P#P##.....
##.#...†.####.....#########.
####...####........## ##.


You could see a culicivora.

Vanquished Creatures
  A boulder beetle (D:10)
  2 two-headed ogres
  2 black mambas
  5 cane toads
  A komodo dragon (D:8)
  A kobold demonologist (D:10)
  A troll (D:9)
  Prince Ribbit (D:6)
  8 blink frogs
  A wraith (D:10)
  A culicivora (Lair:2)
  A basilisk (Lair:1)
  21 yaks
  Menkaure (D:6)
  4 redbacks (Lair:2)
  A steam dragon (D:8)
  4 water moccasins
  2 sky beasts
  2 necrophages
  6 centaurs
  A phantom (D:4)
  20 kobold brigands
  4 bullfrogs
  A gnoll sergeant (D:10)
  A wyvern zombie (D:7)
  A water moccasin zombie (D:7)
  9 killer bees
  3 electric eels (Lair:2)
  A howler monkey (D:9)
  12 wights
  A centaur zombie (D:7)
  A lava snake (D:10)
  2 hounds
  2 gnoll shamans
  2 jellies
  3 orc priests
  Ijyb (D:3)
  4 iguanas
  An orc wizard (D:5)
  A scorpion zombie (D:5)
  A killer bee zombie (D:8)
  A hound zombie (D:5)
  A hound skeleton (D:5)
  10 gnolls
  5 adders
  A howler monkey skeleton (D:4)
  An ufetubus (D:7)
  2 worms
  5 dart slugs
  31 orcs
  7 endoplasms
  2 giant cockroaches
  2 hobgoblins
  4 jackals (D:1)
  2 quokkas
  10 ball pythons
  8 bats
  5 frilled lizards
  11 goblins
  20 kobolds
  2 rats (D:1)
268 creatures vanquished.

Vanquished Creatures (others)
  12 fungi
  39 plants
51 creatures vanquished.

Grand Total: 319 creatures vanquished

Notes
Turn   | Place    | Note
-------+----------+-------------------------------------------
     0 | D:1      | drugrobin the Demigod Warper began the quest for the Orb.
     0 | D:1      | Reached XP level 1. HP: 17/17 MP: 5/5
   338 | D:1      | Reached XP level 2. HP: 21/24 MP: 7/7
   362 | D:1      | Learned a level 2 spell: Blink
   449 | D:1      | You fall into a shaft and drop 1 floor!
   780 | D:1      | Found Baxtimek's Jewellery Shop.
   800 | D:1      | Reached XP level 3. HP: 18/29 MP: 8/8
  1391 | D:1      | Learned a level 3 spell: Gell's Gravitas
  2689 | D:3      | Noticed Ijyb
  2814 | D:3      | Reached XP level 4. HP: 36/36 MP: 7/9
  3717 | D:4      | Reached XP level 5. HP: 20/41 MP: 10/10
  4358 | D:4      | Noticed a necrophage
  4385 | D:4      | Killed a necrophage
  4386 | D:4      | Reached skill level 5 in Translocations
  4386 | D:4      | Reached XP level 6. HP: 23/48 MP: 6/11
  4840 | D:4      | Learned a level 3 spell: Teleport Other
  4970 | D:4      | Identified the +1 robe "Udoal" {rN+ Str+4}
  5105 | D:4      | Reached skill level 5 in Polearms
  5381 | D:5      | Entered Level 5 of the Dungeon
  6104 | D:5      | Reached XP level 7. HP: 19/53 MP: 12/12
  6181 | D:5      | Paralysed by a centaur for 3 turns
  7251 | D:3      | Killed Ijyb
  7328 | D:6      | Noticed Menkaure
  7338 | D:6      | Killed Menkaure
  7506 | D:6      | Noticed Prince Ribbit
  7553 | D:6      | Killed Prince Ribbit
  7554 | D:6      | Reached XP level 8. HP: 59/60 MP: 10/13
  7618 | D:6      | Found a staircase to the Ecumenical Temple.
  8751 | D:7      | Identified the +6 long sword "Killer Bee's Peril" {drain,
                  | Fragile rElec rN+}
  9815 | D:8      | Reached XP level 9. HP: 67/67 MP: 15/15
 10075 | D:8      | Found a staircase to the Lair.
 10448 | Lair:1   | Entered Level 1 of the Lair of Beasts
 10448 | Lair:1   | Noticed a black mamba
 10448 | Lair:1   | Noticed a komodo dragon
 10477 | D:8      | Killed a komodo dragon
 10672 | D:8      | Killed a black mamba
 10836 | D:8      | Learned a level 5 spell: Manifold Assault
 11499 | Lair:1   | Reached skill level 5 in Fighting
 11499 | Lair:1   | Reached XP level 10. HP: 31/81 MP: 6/18
 11634 | Lair:1   | Noticed a black mamba
 11767 | Lair:1   | Killed a black mamba
 11854 | Lair:1   | Noticed a six-headed hydra
 12724 | D:9      | Identified the +1 robe of Unosko {rPois rC+ Str-5}
 12886 | D:9      | Noticed a two-headed ogre
 12903 | D:9      | Killed a two-headed ogre
 12904 | D:9      | Reached skill level 10 in Polearms
 13655 | D:9      | Reached skill level 10 in Translocations
 13989 | D:10     | Entered Level 10 of the Dungeon
 14513 | D:10     | Noticed a rust devil
 15038 | D:10     | Reached XP level 11. HP: 86/92 MP: 6/19
 15602 | D:10     | Learned a level 3 spell: Lesser Beckoning
 15612 | D:11     | Noticed a two-headed ogre
 15616 | D:11     | Noticed a boulder beetle
 15622 | D:11     | Killed a two-headed ogre
 15644 | D:10     | Killed a boulder beetle
 16203 | Lair:1   | Noticed axecop's ghost (journeyman HODe)
 16277 | Lair:1   | Found a transporter.
 16317 | Lair:1   | Found a transporter.
 18654 | Lair:2   | Identified the +0 ring mail of Qazlal's Outrage {rCorr}
 18871 | Lair:2   | Found a hole to the Spider Nest.
 18898 | Lair:2   | HP: 4/95 [poisoned by a redback]
 18899 | Lair:2   | Slain by a culicivora

Illustrated notes

Levels and vault maps discovered:
D:1:      erik_arrival_orb_chamber, layout_basic, serial_shops,
          nicolae_shop_crystal, serial_forest, infiniplex_forest_end_3,
          infiniplex_forest_lined_3_way, infiniplex_forest_clump_cross,
          infiniplex_forest_clump_curved, infiniplex_forest_clump_medium,
          minmay_misc_feat_five, minmay_pentomino_r2
D:2:      layout_loops_cross, basic_altar
D:3:      layout_basic, elyvilon_altar_1, chequers_temple_overflow_minitemple,
          chequers_ecumenical_altar_simple_redux, uniq_ijyb
D:4:      layout_gridville
D:5:      layout_basic, lemuel_crystal_altar, vehumet_altar_wand_db,
          lemuel_coloured_pillars_altar, nicolae_concentric_dashed_squares_mild
D:6:      layout_loops_ring, mainiacjoe_overflow_cross_hatched,
          mainiacjoe_overflow_brackets, temple_hall, uniq_prince_ribbit1,
          uniq_menkaure
D:7:      layout_gridville, minmay_misc_feat_rows,
          chequers_hall_statues_corner_a
D:8:      layout_layer_cave, lair_entry_dummy
D:9:      layout_stronghold, lemuel_crystal_altar
D:10:     layout_roguey [special_room_kobold],
          mainiacjoe_overflow_catch_the_wave
D:11:     layout_irregular_city, nicolae_water_bricks
Lair:1:   layout_long_grid, gammafunk_ghost_arena
Lair:2:   layout_cellular_growth, nicolae_spider_entry_tight_spaces,
          serial_bayou, serial_bayou_pond_b, serial_bayou_lagoon_b,
          serial_bayou_pond_c, serial_bayou_pond_a, serial_bayou_shore_b

Skill      XL: |  1  2  3  4  5  6  7  8  9 10 11 |
---------------+----------------------------------+-----
Polearms       | 2 3 4 5 6 8 9 10 11 | 11.5
Translocations | 3 4 5 7 8 9 10 11 | 11.3
Fighting       | 2 5 7 8 |  8.5
Spellcasting   | 2 3 |  3.2
Throwing       | |  0.8
Armour         | |  0.8
Dodging        | |  1.7

Action                   |  1- 3 |  4- 6 |  7- 9 | 10-12 || total
-------------------------+-------+-------+-------+-------++-------
Melee: Spear             |   186 |    66 |    43 |    17 ||   312
       Trident           |       |    89 |   125 |       ||   214
       Halberd           |       |       |    99 |   276 ||   375
       Punch             |       |       |     4 |       ||     4
       Dagger            |       |       |       |    16 ||    16
       Hand axe          |       |       |       |    12 ||    12
 Fire: Hunting sling     |    25 |    63 |       |       ||    88
       Shortbow          |       |       |    89 |    71 ||   160
Throw: Stone             |     3 |       |     1 |       ||     4
       Boomerang         |     4 |       |    19 |     6 ||    29
       Dart              |       |     5 |     6 |    10 ||    21
 Cast: Blink             |     3 |     9 |     8 |     6 ||    26
       Gell's Gravitas   |       |     2 |     5 |    43 ||    50
       Teleport Other    |       |       |     3 |     7 ||    10
       Manifold Assault  |       |       |       |    21 ||    21
Evoke: Wand              |       |     7 |     6 |     3 ||    16
  Use: Scroll            |       |     1 |       |       ||     1
       Potion            |       |       |     3 |     3 ||     6
 Stab: Sleeping          |     1 |       |     1 |     3 ||     5
       Paralysed         |       |       |     3 |       ||     3
Armor: Leather armour    |    46 |    56 |   124 |   112 ||   338
Dodge: Dodged            |   113 |   104 |   152 |   144 ||   513
Block: Buckler           |     2 |    27 |       |       ||    29

Table legend: (Time is in decaauts)
 A = Elapsed time spent in this place.
 B = Non-inter-level travel time spent in this place.
 C = Inter-level travel time spent in this place.
 D = Time resting spent in this place.
 E = Time spent auto-exploring this place.
 F = Levels seen in this place.
 G = Mean time per level.
                   A        B        C        D        E       F      G
               +--------+--------+--------+--------+--------+-----+--------+
         Total |  18895 |  18126 |    769 |   5587 |   9174 |  13 | 1453.5 |
       Dungeon |  15360 |  14594 |    766 |   4682 |   7076 |  11 | 1396.4 |
          Lair |   3534 |   3531 |      3 |    905 |   2098 |   2 | 1767.0 |
               +--------+--------+--------+--------+--------+-----+--------+

Top non-repeatable levels by time:
  Lair:1: 2114 daAuts
     D:8: 2015 daAuts
    D:10: 1945 daAuts
     D:9: 1914 daAuts
     D:4: 1820 daAuts
     D:1: 1607 daAuts
     D:5: 1481 daAuts
     D:3: 1429 daAuts
  Lair:2: 1419 daAuts
     D:6: 1346 daAuts
     D:2: 981 daAuts
     D:7: 808 daAuts
    D:11: 12 daAuts
